[ AOE2 MATCH · #513603771 ]
UnrankedCiv #60 vs Byzantines
Player's team · WIN
[ REPLAY ANALYSIS · EXTRACTED FROM THE RECORDED GAME ]
Feudal
11:31
Castle
17:08
Imperial
31:22
| APM avg | 79.7 |
| APM peak | 151 |
| eAPM avg | 48.4 |
| Villagers / military | 208 / 25 |
Focus
⚔️ 41.3% · 🌾 58.7%
Unknown (2705) ×87 · Trebuchet (Packed) ×9 · Militia ×5 · Scorpion ×5 · Monk ×3 · Mangonel ×2
Feudal
9:57
Castle
18:52
Imperial
30:50
| APM avg | 63.6 |
| APM peak | 119 |
| eAPM avg | 24.7 |
| Villagers / military | 98 / 74 |
Focus
⚔️ 35.1% · 🌾 64.9%
Archer ×33 · Hand Cannoneer ×18 · Cavalry Archer ×13 · Bombard Cannon ×7 · Monk ×2 · Mangonel ×1
Match map
Initial resources + every placement click. Lines = walls · curves = elevation contours. ◆ gold · ⬟ stone · ● berries · ✦ relic · ◌ wall gap
Your base· ✓ Closed at 17:08 · 48t walls · no gate
BøM_antihack.exe's base· ✓ Closed at 18:52 · 69t walls · no gate
Smoothed initial terrain · ◌ = detected wall gap · hover for details
Inputs per minute
— VL Aveee - - BøM_antihack.exe
Build order — VL Aveee
First 150 of 521 actions detected
| 0:00 | Queue | Villager (Male) |
| 0:01 | Queue | Villager (Male) |
| 0:02 | Build | House |
| 0:02 | Build | House |
| 0:06 | Queue | Villager (Male) |
| 0:09 | Queue | Villager (Male) |
| 1:29 | Queue | Villager (Male) |
| 1:32 | Build | Lumber Camp |
| 2:00 | Queue | Villager (Male) |
| 2:01 | Queue | Villager (Male) |
| 2:18 | Queue | Villager (Male) |
| 2:18 | Queue | Villager (Male) |
| 2:50 | Queue | Villager (Male) |
| 2:50 | Queue | Villager (Male) |
| 2:50 | Queue | Villager (Male) |
| 3:28 | Build | House |
| 3:39 | Queue | Villager (Male) |
| 3:40 | Queue | Villager (Male) |
| 3:40 | Queue | Villager (Male) |
| 4:03 | Queue | Villager (Male) |
| 4:09 | Build | Barracks |
| 4:36 | Build | House |
| 4:54 | Queue | Villager (Male) |
| 5:05 | Queue | Militia |
| 5:05 | Queue | Militia |
| 5:06 | Queue | Militia |
| 5:19 | Queue | Villager (Male) |
| 5:29 | Queue | Militia |
| 5:34 | Build | House |
| 5:45 | Queue | Militia |
| 5:46 | Queue | Villager (Male) |
| 5:49 | Queue | Villager (Male) |
| 5:49 | Queue | Villager (Male) |
| 5:49 | Queue | Villager (Male) |
| 6:06 | Build | Mill |
| 6:19 | Queue | Villager (Male) |
| 6:19 | Queue | Villager (Male) |
| 6:19 | Queue | Villager (Male) |
| 6:24 | Build | Palisade Wall |
| 6:43 | Queue | Villager (Male) |
| 6:43 | Queue | Villager (Male) |
| 6:43 | Queue | Villager (Male) |
| 6:49 | Queue | Villager (Male) |
| 7:22 | Queue | Villager (Male) |
| 7:22 | Queue | Villager (Male) |
| 7:22 | Queue | Villager (Male) |
| 7:23 | Queue | Villager (Male) |
| 7:55 | Build | Mill |
| 7:57 | Queue | Villager (Male) |
| 8:16 | Queue | Villager (Male) |
| 8:27 | Queue | Villager (Male) |
| 8:30 | Queue | Villager (Male) |
| 8:46 | Queue | Villager (Male) |
| 8:56 | Build | Palisade Wall |
| 9:02 | Build | Palisade Wall |
| 9:06 | Build | Palisade Wall |
| 9:09 | Build | Palisade Wall |
| 9:10 | Build | Palisade Wall |
| 9:21 | Research | Feudal Age |
| 9:22 | Research | Feudal Age |
| 9:22 | Research | Feudal Age |
| 9:22 | Research | Feudal Age |
| 10:05 | Build | Lumber Camp |
| 10:16 | Build | House |
| 11:02 | Queue | Villager (Male) |
| 11:30 | Build | House |
| 11:31 | Age | Feudal Age |
| 11:34 | Queue | Villager (Male) |
| 11:36 | Build | Mining Camp |
| 11:40 | Build | Market |
| 11:43 | Queue | Villager (Male) |
| 12:01 | Research | Double-Bit Axe |
| 12:07 | Queue | Villager (Male) |
| 12:20 | Queue | Villager (Male) |
| 12:47 | Queue | Villager (Male) |
| 13:02 | Build | House |
| 13:05 | Build | Blacksmith |
| 13:14 | Build | Farm |
| 13:16 | Build | Farm |
| 13:19 | Build | Farm |
| 13:36 | Build | Palisade Wall |
| 13:37 | Build | Palisade Wall |
| 13:37 | Build | Palisade Wall |
| 13:42 | Research | Loom |
| 13:46 | Build | Mining Camp |
| 13:54 | Build | Farm |
| 13:58 | Build | Farm |
| 14:00 | Build | Farm |
| 14:28 | Research | Castle Age |
| 14:29 | Research | Castle Age |
| 14:29 | Research | Castle Age |
| 14:47 | Research | Horse Collar |
| 14:47 | Research | Horse Collar |
| 15:10 | Build | Farm |
| 15:27 | Research | Stone Mining |
| 15:34 | Research | Gold Mining |
| 15:35 | Research | Gold Mining |
| 15:35 | Research | Gold Mining |
| 15:41 | Build | Farm |
| 16:00 | Build | Farm |
| 16:14 | Queue | Villager (Male) |
| 16:26 | Queue | Spearman |
| 17:08 | Age | Castle Age |
| 17:11 | Queue | Villager (Male) |
| 17:25 | Build | Town Center |
| 17:42 | Queue | Villager (Male) |
| 17:48 | Build | Monastery |
| 17:58 | Build | Town Center |
| 18:04 | Research | Bow Saw |
| 18:07 | Research | Heavy Plow |
| 18:09 | Build | Palisade Wall |
| 18:10 | Queue | Villager (Male) |
| 18:11 | Build | Farm |
| 18:33 | Queue | Villager (Male) |
| 18:34 | Queue | Villager (Male) |
| 18:39 | Queue | Monk |
| 18:53 | Queue | Monk |
| 19:01 | Build | Farm |
| 19:01 | Queue | Villager (Male) |
| 19:02 | Build | Farm |
| 19:03 | Build | Farm |
| 19:09 | Build | Farm |
| 19:15 | Build | Farm |
| 19:16 | Queue | Villager (Male) |
| 19:19 | Research | Town Watch |
| 19:22 | Queue | Villager (Male) |
| 19:26 | Queue | Villager (Male) |
| 19:35 | Build | Outpost |
| 19:36 | Queue | Villager (Male) |
| 19:39 | Build | House |
| 19:42 | Build | House |
| 19:43 | Build | House |
| 20:04 | Research | Wheelbarrow |
| 20:04 | Research | Wheelbarrow |
| 20:05 | Research | Wheelbarrow |
| 20:05 | Queue | Villager (Male) |
| 20:19 | Build | Siege Workshop |
| 20:19 | Queue | Villager (Male) |
| 20:20 | Queue | Villager (Male) |
| 20:28 | Queue | Villager (Male) |
| 20:30 | Build | Outpost |
| 20:36 | Build | House |
| 20:37 | Build | House |
| 20:38 | Build | House |
| 20:40 | Build | House |
| 20:41 | Queue | Villager (Male) |
| 20:42 | Queue | Villager (Male) |
| 20:42 | Queue | Villager (Male) |
| 20:56 | Queue | Villager (Male) |
| 21:04 | Queue | Scorpion |
Build order — BøM_antihack.exe
First 150 of 315 actions detected
| 0:00 | Queue | Villager (Male) |
| 0:01 | Queue | Villager (Male) |
| 0:01 | Queue | Villager (Male) |
| 0:02 | Build | House |
| 0:03 | Build | House |
| 0:09 | Queue | Villager (Male) |
| 0:09 | Queue | Villager (Male) |
| 0:09 | Queue | Villager (Male) |
| 1:24 | Queue | Villager (Male) |
| 1:24 | Queue | Villager (Male) |
| 1:53 | Queue | Villager (Male) |
| 1:53 | Queue | Villager (Male) |
| 2:18 | Build | Lumber Camp |
| 2:25 | Queue | Villager (Male) |
| 2:25 | Queue | Villager (Male) |
| 2:33 | Queue | Villager (Male) |
| 3:10 | Build | House |
| 3:16 | Queue | Villager (Male) |
| 3:16 | Queue | Villager (Male) |
| 3:16 | Queue | Villager (Male) |
| 3:58 | Queue | Villager (Male) |
| 3:59 | Queue | Villager (Male) |
| 4:26 | Queue | Villager (Male) |
| 4:26 | Queue | Villager (Male) |
| 4:35 | Build | Mill |
| 5:04 | Queue | Villager (Male) |
| 5:47 | Queue | Villager (Male) |
| 5:47 | Queue | Villager (Male) |
| 5:47 | Queue | Villager (Male) |
| 6:02 | Research | Loom |
| 6:36 | Queue | Villager (Male) |
| 6:50 | Build | House |
| 7:24 | Build | Palisade Wall |
| 7:47 | Research | Feudal Age |
| 8:32 | Queue | Villager (Male) |
| 8:42 | Queue | Villager (Male) |
| 9:01 | Build | Barracks |
| 9:45 | Build | Palisade Wall |
| 9:49 | Queue | Villager (Male) |
| 9:57 | Age | Feudal Age |
| 10:01 | Research | Double-Bit Axe |
| 10:01 | Research | Double-Bit Axe |
| 10:32 | Queue | Villager (Male) |
| 10:37 | Build | House |
| 10:50 | Queue | Villager (Male) |
| 10:55 | Queue | Villager (Male) |
| 11:04 | Research | Horse Collar |
| 11:07 | Build | Farm |
| 11:19 | Build | Farm |
| 11:26 | Build | Farm |
| 11:30 | Build | Farm |
| 11:31 | Queue | Villager (Male) |
| 11:43 | Build | Mill |
| 11:51 | Build | Farm |
| 11:53 | Queue | Villager (Male) |
| 12:28 | Build | Farm |
| 12:29 | Build | Farm |
| 12:32 | Build | Farm |
| 12:59 | Queue | Villager (Male) |
| 13:03 | Build | House |
| 13:05 | Build | Palisade Wall |
| 13:07 | Queue | Villager (Male) |
| 13:21 | Build | Mining Camp |
| 13:25 | Queue | Villager (Male) |
| 13:47 | Build | Palisade Wall |
| 13:50 | Queue | Villager (Male) |
| 14:00 | Build | Palisade Wall |
| 14:10 | Build | House |
| 14:16 | Queue | Villager (Male) |
| 14:23 | Build | Archery Range |
| 14:41 | Build | Palisade Wall |
| 14:47 | Build | Palisade Wall |
| 14:51 | Queue | Villager (Male) |
| 15:07 | Build | Blacksmith |
| 15:47 | Queue | Villager (Male) |
| 16:03 | Build | Farm |
| 16:07 | Research | Castle Age |
| 16:07 | Research | Castle Age |
| 16:17 | Build | Palisade Wall |
| 16:27 | Research | Gold Mining |
| 16:27 | Research | Gold Mining |
| 16:37 | Build | Palisade Wall |
| 16:47 | Build | Farm |
| 17:35 | Build | Lumber Camp |
| 17:48 | Queue | Archer |
| 18:01 | Research | Fletching |
| 18:01 | Research | Fletching |
| 18:18 | Queue | Archer |
| 18:33 | Build | Palisade Wall |
| 18:34 | Build | Palisade Wall |
| 18:35 | Queue | Archer |
| 18:52 | Age | Castle Age |
| 18:55 | Queue | Villager (Male) |
| 18:56 | Queue | Villager (Male) |
| 18:57 | Research | Bow Saw |
| 18:57 | Research | Bow Saw |
| 19:01 | Queue | Archer |
| 19:05 | Build | House |
| 19:09 | Build | House |
| 19:12 | Queue | Archer |
| 19:19 | Build | Archery Range |
| 19:29 | Queue | Villager (Male) |
| 19:37 | Queue | Cavalry Archer |
| 19:38 | Queue | Villager (Male) |
| 19:41 | Queue | Cavalry Archer |
| 19:57 | Queue | Cavalry Archer |
| 19:57 | Queue | Cavalry Archer |
| 20:12 | Queue | Villager (Male) |
| 20:20 | Build | Town Center |
| 20:22 | Queue | Cavalry Archer |
| 20:22 | Queue | Cavalry Archer |
| 20:29 | Queue | Cavalry Archer |
| 20:34 | Queue | Villager (Male) |
| 20:35 | Research | Gold Shaft Mining |
| 20:35 | Research | Gold Shaft Mining |
| 20:40 | Queue | Cavalry Archer |
| 20:46 | Queue | Villager (Male) |
| 20:49 | Build | Farm |
| 20:59 | Queue | Cavalry Archer |
| 21:05 | Queue | Villager (Male) |
| 21:30 | Queue | Villager (Male) |
| 21:39 | Build | Siege Workshop |
| 21:41 | Queue | Villager (Male) |
| 21:44 | Build | House |
| 21:45 | Build | House |
| 21:48 | Queue | Villager (Male) |
| 22:00 | Research | Bodkin Arrow |
| 22:00 | Research | Bodkin Arrow |
| 22:04 | Queue | Villager (Male) |
| 22:05 | Queue | Villager (Male) |
| 22:07 | Build | Farm |
| 22:09 | Build | Farm |
| 23:06 | Queue | Villager (Male) |
| 23:07 | Queue | Villager (Male) |
| 23:13 | Queue | Villager (Male) |
| 23:14 | Queue | Villager (Male) |
| 23:21 | Research | Wheelbarrow |
| 23:24 | Build | Farm |
| 23:24 | Build | Farm |
| 23:25 | Build | Farm |
| 23:25 | Build | Farm |
| 23:25 | Build | Farm |
| 23:27 | Queue | Villager (Male) |
| 23:38 | Build | Stable |
| 24:06 | Queue | Villager (Male) |
| 24:13 | Queue | Villager (Male) |
| 24:57 | Queue | Villager (Male) |
| 24:57 | Queue | Villager (Male) |
| 25:17 | Queue | Villager (Male) |
| 25:23 | Queue | Villager (Male) |
Match timeline
| 4:09 | VL Aveee · first_building Barracks |
| 6:24 | VL Aveee · wall_segment Palisade Wall x7 |
| 7:24 | BøM_antihack.exe · wall_segment Palisade Wall x1 |
| 8:56 | VL Aveee · wall_segment Palisade Wall x17 |
| 9:01 | BøM_antihack.exe · first_building Barracks |
| 9:02 | VL Aveee · wall_segment Palisade Wall x13 |
| 9:06 | VL Aveee · wall_segment Palisade Wall x7 |
| 9:09 | VL Aveee · wall_segment Palisade Wall x2 |
| 9:10 | VL Aveee · wall_segment Palisade Wall x1 |
| 9:45 | BøM_antihack.exe · wall_segment Palisade Wall x5 |
| 9:57 | BøM_antihack.exe · age_up feudal |
| 11:31 | VL Aveee · age_up feudal |
| 13:05 | BøM_antihack.exe · wall_segment Palisade Wall x4 |
| 13:21 | VL Aveee · first_market_sell 500 stone |
| 13:23 | VL Aveee · first_market_buy 100 food |
| 13:36 | VL Aveee · wall_segment Palisade Wall x1 |
| 13:37 | VL Aveee · wall_segment Palisade Wall x1 |
| 13:37 | VL Aveee · wall_segment Palisade Wall x1 |
| 13:47 | BøM_antihack.exe · wall_segment Palisade Wall x5 |
| 14:00 | BøM_antihack.exe · wall_segment Palisade Wall x10 |
| 14:23 | BøM_antihack.exe · first_building Archery Range |
| 14:41 | BøM_antihack.exe · wall_segment Palisade Wall x12 |
| 14:47 | BøM_antihack.exe · wall_segment Palisade Wall x1 |
| 16:17 | BøM_antihack.exe · wall_segment Palisade Wall x1 |
| 16:37 | BøM_antihack.exe · wall_segment Palisade Wall x18 |
| 17:08 | VL Aveee · age_up castle |
| 17:48 | VL Aveee · first_building Monastery |
| 18:09 | VL Aveee · wall_segment Palisade Wall x1 |
| 18:33 | BøM_antihack.exe · wall_segment Palisade Wall x7 |
| 18:34 | BøM_antihack.exe · wall_segment Palisade Wall x7 |
| 18:52 | BøM_antihack.exe · age_up castle |
| 20:19 | VL Aveee · first_building Siege Workshop |
| 21:39 | BøM_antihack.exe · first_building Siege Workshop |
| 23:22 | VL Aveee · wall_segment Stone Wall x1 |
| 23:38 | BøM_antihack.exe · first_building Stable |
| 25:19 | VL Aveee · wall_segment Stone Wall x1 |
| 26:08 | VL Aveee · first_building Castle |
| 26:28 | BøM_antihack.exe · first_building Monastery |
| 27:56 | BøM_antihack.exe · wall_segment Palisade Wall x1 |
| 30:50 | BøM_antihack.exe · age_up imperial |
| 31:22 | VL Aveee · age_up imperial |
| 37:42 | BøM_antihack.exe · resign |
[ AI ANALYSIS · 1 CREDIT ]
What really happened in this match?
Wolo.gg analyzes every decision: build order, eco, micro, common mistakes by bracket. Personalized analysis on WhatsApp or Discord in 30 seconds.
Civ guide
Civ #60
Perfil
VL Aveee